 Dungeon Crawl Stone Soup version 0.29-a0-561-ga02bf68b3c (webtiles) character file.

Game seed: 13112292713508293957

374 Nedwor the Twirler (level 6, -2/56 HPs)
             Began as a Minotaur Gladiator on June 11, 2022.
             Was an Initiate of Okawaru.
             Slain by an orc
             ... wielding a +0 whip
              (5 damage)
             ... on level 4 of the Dungeon.
             The game lasted 00:04:00 (2775 turns).

Nedwor the Twirler (Minotaur Gladiator)             Turns: 2775, Time: 00:04:01

Health: -2/56      AC: 13    Str: 21    XL:     6   Next: 43%
Magic:  5/5        EV:  6    Int:  5    God:    Okawaru [......]
Gold:   227        SH:  0    Dex: 11    Spells: 5/5 levels left

rFire   . . .      SeeInvis .   a - +0 quarterstaff
rCold   . . .      Faith    .   (shield currently unavailable)
rNeg    . . .      Spirit   .   p - +1 plate armour
rPois   .          Reflect  .   c - +2 hat
rElec   .          Harm     .   (no cloak)
rCorr   .          Rampage  .   (no gloves)
Will    .....                   (no boots)
Stlth   ..........              (no amulet)
HPRegen 0.18/turn               (no ring)
MPRegen 0.09/turn               (no ring)

@: mighty, lethally poisoned (-2 -> -19)
A: horns 2, retaliatory headbutt
a: Renounce Religion


You were on level 4 of the Dungeon.
You worshipped Okawaru.
Okawaru was noncommittal.
You visited 1 branch of the dungeon, and saw 4 of its levels.

You collected 227 gold pieces.

Inventory:

Hand Weapons
 a - a +0 quarterstaff (weapon)
Missiles
 d - 3 throwing nets (quivered)
 e - 4 javelins
Armour
 c - a +2 hat (worn)
 p - a +1 plate armour (worn)
Scrolls
 b - a scroll of torment {unknown}
 g - a scroll of immolation {unknown}
 h - a scroll of identify
 k - a scroll of magic mapping {unknown}
Potions
 f - 2 potions of curing
 i - a potion of might
 j - 3 potions of flight
 l - a potion of mutation {unknown}


   Skills:
 + Level 5.1 Fighting
 * Level 7.5 Staves
 - Level 2.0 Throwing
 - Level 3.2 Dodging


You had 5 spell levels left.
You didn't know any spells.
Your spell library contained the following spells:

 Spells                   Type           Power      Damage    Failure   Level
 Static Discharge         Conj/Air       0%         N/A       100%        2
 Dispel Undead            Necr           0%         3d6       100%        4
 Sticky Flame             Conj/Fire      0%         2d3       100%        4


Dungeon Overview and Level Annotations

Branches:
Dungeon (4/15)
 Temple: D:4-7

Altars:
Nemelex Xobeh
Okawaru


Innate Abilities, Weirdness & Mutations

You have a pair of horns on your head.
You reflexively headbutt those who attack you in melee.


Message History

* * * LOW HITPOINT WARNING * * *
You feel very sick. The orc closely misses you.
* * * LOW HITPOINT WARNING * * *
You feel sick. The orc attacks as you move away!
The orc hits you with a +0 whip.
* * * LOW HITPOINT WARNING * * *
x2 You feel sick.
You feel better.
You feel better.
The orc wizard mumbles some strange words.
The orc wizard flickers and vanishes!
Deactivating autopickup; reactivate with Ctrl-A.
The orc hits you with a +0 whip.
* * * LOW HITPOINT WARNING * * *
The orc barely misses you. You furiously retaliate!
You headbutt the orc.
You feel very mighty all of a sudden. The orc hits you but does no damage.
The orc hits you with a +0 war axe.
* * * LOW HITPOINT WARNING * * *
You bludgeon the orc!!
You kill the orc!
Okawaru accepts your kill. The orc hits you but does no damage.
You barely miss something. Your headbutt misses something.
Something hits you but does no damage.
You are poisoned.
The orc hits you with a +0 whip.
* * * LOW HITPOINT WARNING * * *
You closely miss something.
* * * LOW HITPOINT WARNING * * *
You feel very sick. Something hits you.
* * * LOW HITPOINT WARNING * * *
The orc hits you but does no damage.
You closely miss something. Your headbutt misses something.
* * * LOW HITPOINT WARNING * * *
You feel sick. Something hits you but does no damage.
You are more poisoned.
The orc hits you with a +0 whip.
You die...

######..#....# #. #.#
#.# ..........)..# ..
#.. ... #..####>.....#
#. ##### ### .........
... #. ....
#.....########
#.#$.##### ...........
###.o......?
#........### #....#
...........########.#
................@)..#
.......#.†......o#†.#
#####.##.........##....
# #.##.........##.#....
#
#.##.........##.#.....
# #.##.........##.#
.... #
#<#.............# ##.#
# ###.####.....#... ..
# #. #.#####...


You could see an orc.

Vanquished Creatures
  The ghost of Malachi the Cudgeller, an amateur DsBe of Trog (D:3)
  A scorpion (D:4)
  A jelly (D:4)
  An iguana (D:4)
  7 adders
  2 worms
  4 orcs (D:4)
  3 ball pythons
  4 endoplasms
  2 giant cockroaches (D:3)
  2 goblins
  9 hobgoblins
  4 kobolds
  4 quokkas
  4 bats
  2 frilled lizards
  6 rats
57 creatures vanquished.

Vanquished Creatures (others)
  A fungus (D:1)
  3 plants (D:1)
4 creatures vanquished.

Grand Total: 61 creatures vanquished

Notes
Turn   | Place    | Note
-------+----------+-------------------------------------------
     0 | D:1      | Nedwor the Minotaur Gladiator began the quest for the Orb.
     0 | D:1      | Reached XP level 1. HP: 18/18 MP: 0/0
    39 | D:1      | Reached skill level 4 in Staves
   140 | D:1      | Found a faded altar of an unknown god.
   161 | D:1      | Reached XP level 2. HP: 25/25 MP: 1/1
   820 | D:2      | Reached XP level 3. HP: 26/31 MP: 2/2
  1386 | D:3      | Found a runed translucent door.
  1386 | D:3      | Noticed Malachi's ghost (amateur DsBe)
  1445 | D:3      | Reached skill level 5 in Staves
  1747 | D:3      | Killed Malachi's ghost
  1748 | D:3      | Reached skill level 6 in Staves
  1748 | D:3      | Reached XP level 4. HP: 40/41 MP: 3/3
  1748 | D:3      | Reached XP level 5. HP: 45/47 MP: 4/4
  1809 | D:3      | Found an iron altar of Okawaru.
  1819 | D:3      | Became a worshipper of Warmaster Okawaru
  2603 | D:4      | Found a sparkling altar of Nemelex Xobeh.
  2618 | D:4      | Reached skill level 7 in Staves
  2671 | D:4      | Reached XP level 6. HP: 49/53 MP: 5/5
  2713 | D:4      | Reached skill level 5 in Fighting
  2768 | D:4      | HP: 2/56 [poisoned by an orc wizard]
  2775 | D:4      | Slain by an orc

Illustrated notes

Levels and vault maps discovered:
D:1:      dpeg_arrival_shrine, layout_rooms, dreamdust_ecumenical_altar_grove
D:2:      minmay_alternating_diamond, layout_basic
D:3:      layout_loops_cross, okawaru_trees_1, hellmonk_ghost_happy_afterlife
D:4:      layout_basic, old_standard_altar, general_overflow_altar,
          serial_co_window_serial, co_window_corner_a,
          co_window_of_opportunity_a, co_window_paths_a, co_window_corner_a,
          co_window_paths_a, co_window_corner_a, co_window_corner_a,
          co_window_of_opportunity_b, co_window_broadway_c,
          co_window_unsneaky_path_a, co_window_paths_e, co_window_sun,
          glass_columns_b, glass_columns_c, glass_columns_b, glass_columns_a

Skill      XL: |  1  2  3  4  5  6 |
---------------+-------------------+-----
Staves         | 4 6 7 |  7.5
Fighting       | 3 4 5 |  5.1
Throwing       | |  2.0
Dodging        | |  3.2

Action                   |  1- 3 |  4- 6 || total
-------------------------+-------+-------++-------
Melee: Quarterstaff      |    74 |    62 ||   136
       Headbutt          |    13 |    11 ||    24
  Use: Scroll            |     9 |     1 ||    10
       Potion            |     1 |     3 ||     4
Armor: Leather armour    |     5 |       ||     5
       Scale mail        |     8 |       ||     8
       Plate armour      |     7 |    48 ||    55
Dodge: Dodged            |    40 |    19 ||    59

Table legend: (Time is in decaauts)
 A = Elapsed time spent in this place.
 B = Non-inter-level travel time spent in this place.
 C = Inter-level travel time spent in this place.
 D = Time resting spent in this place.
 E = Time spent auto-exploring this place.
 F = Levels seen in this place.
 G = Mean time per level.
                   A        B        C        D        E       F      G
               +--------+--------+--------+--------+--------+-----+--------+
         Total |   2779 |   2645 |    134 |    210 |   2002 |   4 |  694.8 |
       Dungeon |   2779 |   2645 |    134 |    210 |   2002 |   4 |  694.8 |
               +--------+--------+--------+--------+--------+-----+--------+

Top non-repeatable levels by time:
     D:3: 878 daAuts
     D:2: 727 daAuts
     D:1: 621 daAuts
     D:4: 552 daAuts
